Map: 세라스 폐허

Players

battGG

  • Race: Zerg Zerg
  • League: Platinum

가을방학 - Winner!

  • Race: Terran Terran
  • League: Diamond

VOD

Have the link to the VOD?

Description

Time

  • Played on: Nov. 23, 2015, 2:04 a.m.
  • Length: 13:57
Show
View Real Time Build Order
Export as new Build Order

battGG Zerg 

Build Orders: Hatch First 

Get SALT Encoding   

  12  0:00  Drone  
  13  0:12  Overlord  
  13  0:18  Drone  
  14  0:31  Drone x2  
  14  0:35  Drone  
  17  0:45  Drone  
  18  0:57  Hatchery  
  18  1:00  Drone  
  18  1:07  Drone  
  19  1:16  Spawning Pool  
  18  1:21  Drone  
  18  1:24  Extractor  
  18  1:28  Drone  
  19  1:39  Overlord  
  19  1:50  Drone  
  20  2:02  Drone  
  20  2:03  Queen  
  23  2:09  Queen  
  23  2:10  Drone  
  23  2:11  Drone  
  27  2:22  Drone  
  28  2:29  Drone  
  29  2:30  Metabolic Boost  
  29  2:32  Overlord  
  29  2:34  Drone  
  30  2:43  Zergling x2  
  31  2:46  Drone  
  32  2:56  Drone  
  32  2:57  Extractor  
  32  2:58  Zergling x2  
  33  3:03  Drone  
  33  3:05  Roach Warren, Extractor, Drone  
  34  3:11  Lair  
  33  3:13  Drone x3  
  33  3:14  Zergling x2  
  37  3:24  Drone x2  
  37  3:25  Drone  
  40  3:37  Drone  
  40  3:41  Drone x3  
  43  3:50  Overlord  
  43  3:54  Drone  
  44  4:01  Overlord  
  44  4:10  Roach  
  44  4:11  Roach x2  
  44  4:12  Roach  
  52  4:18  Overlord  
  52  4:22  Roach x2  
  52  4:23  Roach  
  58  4:25  Overseer  
  58  4:32  Glial Reconstitution, Roach  
  58  4:35  Overlord  
  58  4:36  Roach  
  58  4:37  Roach x3  
  68  4:53  Overlord  
  68  4:55  Roach x3  
  68  4:59  Ravager  
  76  5:00  Ravager  
  76  5:21  Ravager x4  
  80  5:22  Roach  
  80  5:27  Drone x2  
  84  5:34  Overlord  
  84  5:40  Hatchery  
  84  5:42  Evolution Chamber  
  82  5:43  Drone x2  
  84  5:55  Spire  
  81  6:01  Roach x3  
  81  6:02  Roach x2  
  76  6:07  Queen  
  76  6:08  Queen  
  80  6:11  Spore Crawler  
  80  6:13  Spore Crawler  
  80  6:17  Roach x3  
  80  6:18  Roach x2  
  88  6:32  Drone  
  89  6:33  Drone x3  
  89  6:35  Extractor  
  89  6:37  Zerg Missile Weapons Level 1  
  91  6:49  Overlord x2  
  91  6:50  Overlord  
  91  6:51  Queen  
  91  6:52  Drone  
  91  6:53  Drone  
  95  6:54  Drone x2  
  95  6:55  Drone  
  98  7:19  Mutalisk x4  
  106  7:30  Mutalisk  
  106  7:36  Zergling x12  
  112  7:40  Mutalisk  
  113  7:44  Pneumatized Carapace  
  113  8:07  Overlord x2  
  113  8:08  Overlord  
  106  8:16  Roach  
  73  8:34  Roach x3  
  62  8:35  Roach x5  
  62  8:36  Roach  
  74  8:42  Roach x3  
  74  8:48  Roach  
  82  8:54  Mutalisk  
  84  8:57  Overseer  
  84  8:58  Overseer  
  84  9:02  Roach  
  86  9:03  Roach  
  86  9:08  Overlord x3  
  88  9:17  Overlord x2  
  88  9:21  Overlord  
  88  9:22  Overlord  
  74  9:48  Roach x2  
  74  9:49  Roach x3  
  74  9:50  Roach x3  
  90  9:54  Roach  
  92  10:01  Roach  
  92  10:04  Roach x3  
  92  10:05  Roach  
  101  10:11  Tunneling Claws  
  103  10:14  Roach  
  103  10:23  Roach x2  
  103  10:27  Roach  
  109  10:33  Mutalisk  
  109  10:34  Mutalisk x3  
  117  10:36  Hatchery  
  117  10:38  Ravager x2  
  117  10:39  Ravager  
  117  10:40  Ravager  
  117  10:42  Roach  
  120  10:56  Roach  
  114  11:03  Roach x2  
  116  11:04  Overlord  
  116  11:05  Overlord x2  
  114  11:16  Ravager x2  
  114  11:18  Overlord x2  
  102  11:37  Roach x2  
  102  11:39  Roach x2  
  96  11:46  Roach  
  102  11:47  Roach x6  
  108  11:56  Roach  
  100  12:03  Roach  
  100  12:04  Roach  
  85  12:10  Roach  
  76  12:20  Roach  
  76  12:21  Roach  
  80  12:39  Ravager x4  
  80  12:40  Ravager x4  
  80  12:43  Zergling x8  
  80  12:44  Zergling x2  
  93  12:45  Zergling x10  
  93  12:47  Roach  
  100  12:55  Drone x3  
  100  12:57  Extractor  
  102  13:01  Roach  
  100  13:08  Roach x2  
  78  13:25  Roach x2  
  78  13:26  Roach x2  
  72  13:27  Roach x3  
  73  13:40  Extractor  
Show
View Real Time Build Order
Export as new Build Order

가을방학 Terran - Winner!

Build Orders: Command Center First (CC), Bio Mine, Hellion Banshee 

Get SALT Encoding   

  12  0:00  SCV  
  13  0:13  SCV  
  14  0:18  Supply Depot  
  14  0:25  SCV  
  15  0:39  SCV  
  16  0:52  SCV  
  17  1:01  Command Center  
  17  1:15  Barracks  
  17  1:16  SCV  
  18  1:23  Refinery  
  18  1:28  SCV  
  18  1:32  Refinery  
  19  1:40  SCV  
  20  1:52  SCV  
  21  2:02  Marine  
  21  2:04  SCV  
  23  2:10  Bunker  
  23  2:20  Orbital Command x2  
  23  2:24  Barracks Reactor  
  23  2:38  Factory  
  23  2:46  SCV  
  23  2:50  SCV  
  24  2:59  SCV  
  24  3:02  SCV  
  26  3:09  Supply Depot  
  26  3:10  Barracks Tech Lab  
  26  3:11  SCV  
  27  3:15  SCV  
  28  3:23  SCV  
  30  3:27  SCV  
  30  3:30  Hellion x2  
  34  3:35  SCV  
  34  3:39  SCV, Starport  
  35  3:49  SCV  
  35  3:51  SCV, Hellion x2  
  35  3:52  Barracks Tech Lab  
  41  4:01  SCV, Supply Depot  
  42  4:03  SCV  
  42  4:05  Supply Depot  
  43  4:12  Hellion  
  43  4:13  SCV  
  43  4:15  Cloaking Field  
  46  4:19  Stimpack  
  46  4:23  Banshee, Hellion, Marauder  
  53  4:29  Supply Depot  
  53  4:31  Supply Depot  
  53  4:32  SCV x2  
  55  4:39  Hellion  
  55  4:45  SCV, Hellion, Marauder  
  61  4:51  SCV  
  63  4:53  Supply Depot  
  63  4:58  SCV  
  64  5:03  SCV  
  64  5:05  Banshee  
  64  5:06  Marauder  
  70  5:10  SCV  
  70  5:12  Refinery x2  
  70  5:13  Hellion x2  
  75  5:15  SCV  
  76  5:27  Marauder  
  78  5:31  Barracks x2  
  78  5:33  Widow Mine x2  
  82  5:39  SCV  
  83  5:47  Command Center  
  83  5:49  Banshee  
  83  6:23  Barracks Reactor x2, Combat Shields  
  83  6:25  Marauder  
  85  6:29  Supply Depot  
  85  6:30  SCV  
  86  6:32  Supply Depot  
  86  6:34  Supply Depot  
  86  6:36  Supply Depot x2  
  86  6:37  Engineering Bay  
  86  6:39  Engineering Bay  
  86  6:49  Starport Reactor  
  86  6:50  Supply Depot x2  
  86  6:51  SCV, Marauder  
  89  7:06  Marine x3  
  89  7:07  Marine  
  93  7:13  Marauder  
  95  7:20  Widow Mine x2  
  99  7:24  Marine x4  
  99  7:25  Orbital Command  
  103  7:34  Marauder  
  105  7:42  Medivac x2, Marine x2  
  111  7:47  Armory  
  111  7:48  Widow Mine x2  
  115  7:53  Missile Turret  
  115  7:55  Missile Turret, Marauder  
  115  7:56  Orbital Command  
  117  8:01  Missile Turret  
  117  8:05  Missile Turret  
  117  8:07  Marine  
  117  8:08  Marine x3  
  117  8:15  Medivac x2  
  92  8:35  Marine x5  
  97  8:41  Widow Mine x2  
  101  8:53  Marine x5  
  106  9:10  Widow Mine x2  
  106  9:11  Marine x4  
  106  9:12  Missile Turret, Marauder  
  106  9:13  Missile Turret  
  116  9:19  SCV x3  
  119  9:28  Marine  
  119  9:29  Marine x2  
  87  9:46  Marauder, Marine x2  
  87  9:47  Marine x2  
  87  9:48  SCV x3  
  96  9:53  Medivac x2  
  100  10:00  SCV x3  
  100  10:04  Marine x3  
  106  10:08  Marauder  
  106  10:09  Terran Infantry Weapons Level 1, Terran Infantry Armor Level 1, Terran Vehicle Weapons Level 1  
  106  10:12  SCV  
  109  10:14  SCV x2, Factory  
  109  10:18  Refinery  
  109  10:19  Marine  
  109  10:20  Refinery  
  112  10:22  Widow Mine, Marine x3  
  112  10:23  Widow Mine  
  119  10:29  Marauder  
  121  10:36  Marine  
  121  10:39  Marine  
  121  10:40  Marine x2  
  119  10:50  Marine  
  119  10:54  Marine  
  111  10:57  Marine x2  
  111  10:58  Marine  
  111  11:01  Thor, Drilling Claws  
  111  11:05  SCV x2  
  111  11:08  Marauder  
  112  11:12  Marine  
  112  11:15  Marine x2  
  112  11:16  Widow Mine x2, Marine  
  120  11:30  Marine, Marauder  
  118  11:33  Orbital Command, Marine x3  
  109  11:44  Thor  
  104  11:48  Marine  
  104  11:51  Marauder, Marine x3  
  92  12:06  Orbital Command, Marine  
  92  12:07  SCV x2  
  86  12:08  Marine  
  86  12:09  Marine x2  
  86  12:12  Marauder  
  87  12:19  SCV x2  
  89  12:34  Marauder  
  89  12:35  Marine x4  
  94  12:42  Barracks  
  94  12:45  Barracks  
  94  12:53  Marine x4  
  94  12:55  Marauder  
  94  12:57  SCV x3  
  103  13:09  SCV x3  
  103  13:10  Marine  
  103  13:11  Marine x3  
  109  13:16  Marauder  
  104  13:21  SCV  
  103  13:30  Marine  
  103  13:31  Barracks Reactor  
  103  13:32  Marine  
  103  13:33  Barracks Reactor  
  105  13:38  Barracks Tech Lab  
  105  13:39  Marine x2  
Tags
 
Add a new tag
Caveats
  • Supply blocks, unpowered buildings, or Contaminate may cause inaccurate times.
  • Supply counts are checked every 10 seconds.